 Dungeon Crawl Stone Soup version 0.25-a0-731-g0472a16d6a (webtiles) character file.

Game seed: 7265118877734526198, levelgen mode: deterministic

76109 15rune the Severer (level 15, -6/126 HPs)
             Began as a Deep Dwarf Fighter on Apr 7, 2020.
             Was an Elder of Elyvilon.
             Mangled by a two-headed ogre
             ... wielding a +0 giant club
              (7 damage)
             ... while petrified by you
             ... on level 15 of the Dungeon on Apr 8, 2020.
             The game lasted 01:29:42 (22166 turns).

15rune the Severer (Deep Dwarf Fighter)            Turns: 22166, Time: 01:29:43

Health: -6/126     AC: 18    Str: 25    XL:     15   Next: 11%
Magic:  12/12      EV:  2    Int: 10    God:    Elyvilon [****..]
Gold:   1765       SH:  0    Dex: 12    Spells: 20/20 levels left

rFire    . . .     SeeInvis .   t - +7 broad axe (elec)
rCold    . . .     Gourm    .   q - +0 tower shield
rNeg     + + +     Faith    +   L - +0 plate armour
rPois    ∞         Spirit   .   w - +0 helmet
rElec    .         Reflect  .   C - +0 cloak
rCorr    .         Harm     .   (no gloves)
MR       ++...                  Z - +2 pair of boots {run}
Stlth    ..........             R - amulet of faith
HPRegen  0.00/turn              J - +4 ring of evasion
MPRegen  0.13/turn              B - +6 ring of evasion

@: petrified, non-regenerating, quick
A: damage resistance, heal wounds, negative energy resistance 1, sense
surroundings 2, no regeneration
a: Heal Wounds, Lesser Healing, Heal Other, Purification, Greater Healing,
Divine Protection, Renounce Religion


You were on level 15 of the Dungeon.
You worshipped Elyvilon.
Elyvilon was greatly pleased with you.
You were not hungry.

You visited 4 branches of the dungeon, and saw 24 of its levels.
You also visited: Ossuary.

You collected 2739 gold pieces.
You spent 974 gold pieces at shops.

Inventory:

Hand Weapons
 t - a +7 broad axe of electrocution (weapon)
Missiles
 r - 3 javelins (quivered)
 y - 27 boomerangs
 H - 2 throwing nets
 N - 5 silver javelins
Armour
 q - a +0 tower shield (worn)
 w - a +0 helmet (worn)
 C - a +0 cloak (worn)
 L - a +0 plate armour (worn)
 Z - a +2 pair of boots of running (worn)
Jewellery
 B - a +6 ring of evasion (right hand)
 D - an uncursed ring of protection from fire
 G - an uncursed ring of flight
 J - a +4 ring of evasion (left hand)
 R - an amulet of faith (around neck)
 V - an uncursed amulet of rage
 X - an uncursed ring of protection from magic
 Y - an uncursed ring of ice
Wands
 j - a wand of digging (3)
 k - a wand of enslavement (11)
 x - a wand of disintegration (20)
 M - a wand of flame (36)
 O - a wand of polymorph (5)
 P - a wand of iceblast (5)
 T - a wand of scattershot (10)
 U - a wand of paralysis (16)
Scrolls
 i - 6 scrolls of immolation
 l - 2 scrolls of enchant armour
 m - 7 scrolls of fog
 n - 4 scrolls of teleportation
 o - 13 scrolls of remove curse
 p - 4 scrolls of blinking
 u - 6 scrolls of fear
Potions
 c - 3 potions of berserk rage
 d - 2 potions of might
 e - a potion of stabbing
 g - 8 potions of heal wounds
 h - 3 potions of invisibility
 s - 6 potions of mutation
 z - 2 potions of resistance
 A - 6 potions of curing
 E - 3 potions of haste
 F - 6 potions of lignification
 K - a potion of cancellation {unknown}
Miscellaneous
 Q - a phantom mirror
Comestibles
 a - 2 chunks of flesh
 f - 31 rations


   Skills:
 + Level 6.1 Fighting
 + Level 18.3 Axes
 + Level 7.5 Throwing
 - Level 5.2 Armour
 + Level 11.2 Shields
 - Level 3.0 Spellcasting
 - Level 15.0 Invocations
 - Level 10.0 Evocations


You had 20 spell levels left.
You didn't know any spells.
Your spell library contained the following spells:

 Spells                   Type           Power        Failure   Level  Hunger
 Animate Skeleton         Necr           N/A          100%        1    #......
 Apportation              Tloc           #.....       100%        1    #......
 Beastly Appendage        Tmut           #.....       100%        1    #......
 Corona                   Hex            #......      100%        1    #......
 Summon Butterflies       Summ           #.......     100%        1    #......
 Summon Small Mammal      Summ           #...         100%        1    #......
 Passwall                 Tmut/Erth      #.......     100%        2    ###....
 Poisonous Vapours        Pois/Air       #.....       100%        2    ###....
 Sticks to Snakes         Tmut           #.......     100%        2    ###....
 Call Canine Familiar     Summ           #.......     100%        3    ###....
 Conjure Flame            Conj/Fire      #.......     100%        3    ###....
 Lesser Beckoning         Tloc           #.........   100%        3    ###....
 Mephitic Cloud           Conj/Pois/Air  #.......     100%        3    ###....
 Ozocubu's Armour         Chrm/Ice       #.......     100%        3    ###....
 Spider Form              Tmut/Pois      #.........   100%        3    ###....
 Tukima's Dance           Hex            #.......     100%        3    ###....
 Ice Form                 Ice/Tmut       #.......     100%        4    #####..
 Summon Ice Beast         Ice/Summ       #.......     100%        4    #####..
 Alistair's Intoxication  Tmut/Pois      #.......     100%        5    ######.
 Blade Hands              Tmut           #.........   100%        5    ######.
 Summon Mana Viper        Hex/Summ       #.......     100%        5    ######.
 Freezing Cloud           Conj/Ice/Air   #.........   100%        6    #######
 Invisibility             Hex            #.......     100%        6    #######
 Ring of Flames           Chrm/Fire      #.........   100%        7    #######
 Summon Hydra             Summ           #.........   100%        7    #######


Dungeon Overview and Level Annotations

Branches:
Dungeon (15/15)            Temple (1/1) D:7            Lair (6/6) D:10
  Swamp (0/4) Lair:2        Snake (0/4) Lair:3        Slime (0/5) Lair:6
    Orc (2/2) D:10            Elf (0/3) Orc:2        Vaults (0/5) D:14
 Depths (0/5) D:15        Ossuary (visited)

Altars:
Ashenzari
Cheibriados
Dithmenos
Elyvilon
Fedhas
Gozag
Hepliaklqana
Kikubaaqudgha
Makhleb
Nemelex Xobeh
Okawaru
Qazlal
Ru
Sif Muna
Trog
Uskayaw
Vehumet
Wu Jian
Xom
Yredelemnul
Zin
The Shining One
Beogh
Jiyva

Shops:
D:9 (   D:12 =%[   Orc:1 !*   Orc:2 *(:}}

Annotations:
D:8 Gastronok
Lair:1 2 transporters, exclusion: oklob plant, Zajic's ghost, journeyman MiBe
Lair:6 1 exclusion
Orc:2 3 runed translucent doors, exclusion: 3 doors, dvd2's ghost, journeyman FoFi


Innate Abilities, Weirdness & Mutations

You are resistant to damage.
You can heal yourself by infusing magical energy.
You resist negative energy. (rN+)
You passively map the area around you.
You do not regenerate.


Message History

The two-headed ogre hits you with a +0 giant club.
The two-headed ogre barely misses you.
The two-headed ogre hits you with a +0 giant club!
* * * LOW HITPOINT WARNING * * *
The ogre mage hits you but does no damage.
The two-headed ogre hits you but does no damage.
The two-headed ogre completely misses you.
The two-headed ogre hits you with a +0 giant club!
* * * LOW HITPOINT WARNING * * *
The two-headed ogre hits you with a +0 giant spiked club.
* * * LOW HITPOINT WARNING * * *
The ogre mage hits you but does no damage.
The two-headed ogre barely misses you.
The two-headed ogre hits you but does no damage. x2
The two-headed ogre hits you with a +0 giant club.
* * * LOW HITPOINT WARNING * * *
The two-headed ogre hits you with a +0 giant club!
* * * LOW HITPOINT WARNING * * *
The two-headed ogre hits you with a +0 giant spiked club!!
You die...

*, ##≈≈≈≈≈≈≈≈## *
##≈≈≈≈≈≈≈≈## *
##.#####≈≈≈≈≈≈≈≈##
≈≈......≈≈≈≈≈≈≈≈≈## *
≈≈;#.#≈.≈≈≈≈≈≈≈≈≈≈#
≈≈≈≈............≈≈≈#
≈≈≈≈≈...........O.≈≈≈###
≈≈..........OO....... , ,
≈≈
≈≈....#....#@OO......,,,,
, ≈≈≈..........OO≈≈.....
, , ≈≈≈.....##....≈#.....
* ≈≈≈.....##....##..... ,
.........#*..... * ,,
.#....#... *$... *
,,.......... ...*
..........#** ***
.####....#


You could see 5 two-headed ogres, an ogre mage and an ogre.

Vanquished Creatures
  A stone giant (Orc:1)
  A dire elephant (Lair:6)
  Snorg (Lair:6)
  A hydra (D:11)
  Fannar (Lair:3)
  6 centaur warriors
  2 catoblepae
  8 death yaks
  A deep elf knight (D:14)
  6 skeletal warriors
  3 unseen horrors
  A lindwurm (Lair:6)
  2 ugly things
  3 manticores
  3 orc knights
  An orc sorcerer (Orc:2)
  A cyclops (D:13)
  4 deep elf magi
  8 elephants (Lair:6)
  Maurice (D:13)
  9 black mambas
  The ghost of feamirim the Basher, a novice DrFi (D:4)
  A guardian serpent (Lair:3)
  Psyche (D:12)
  8 spiny frogs
  A gargoyle (D:11)
  A kobold demonologist (D:14)
  6 rime drakes
  An efreet (D:15)
  A polar bear (Lair:4)
  8 trolls
  3 hornets
  A bog body (Lair:2)
  4 blink frogs
  8 slime creatures (D:12)
  12 hippogriffs
  14 dream sheep
  A shadow (D:11)
  A spriggan (Lair:2)
  A water elemental (D:15)
  5 wyverns
  31 yaks
  4 wraiths
  Grum (D:10)
  A golden eye (shapeshifter) (D:14)
  6 basilisks
  2 hungry ghosts
  A warg (Orc:1)
  A soldier ant (D:13)
  13 water moccasins
  8 porcupines
  34 orc warriors
  An ice beast (D:6)
  4 sky beasts
  4 black bears
  4 phantoms
  8 ogres
  3 eyes of draining
  2 necrophages
  9 wolves
  19 crocodiles
  26 centaurs
  5 big kobolds
  21 bullfrogs
  A gnoll sergeant (D:7)
  A wyvern skeleton (D:13)
  4 scorpions
  9 killer bees
  10 wights
  5 howler monkeys
  2 electric eels (Lair:4)
  7 crimson imps
  3 bullfrog zombies
  5 centaur zombies
  4 jellies
  A quasit (D:13)
  A gnoll shaman (D:9)
  6 hounds
  Crazy Yiuf (D:2)
  3 bullfrog skeletons
  15 orc priests
  17 orc wizards
  9 centaur skeletons
  4 iguanas
  7 worker ants
  A hound zombie (D:7)
  A worker ant zombie (D:7)
  12 gnolls
  8 adders
  4 shadow imps
  2 oozes (D:3)
  An adder zombie (Ossuary)
  2 worms
  2 dart slugs
  5 leopard geckos
  71 orcs
  4 giant cockroaches
  5 goblins
  12 hobgoblins
  9 jackals
  A quokka (D:7)
  3 ball pythons
  8 bats
  3 frilled lizards
  A hobgoblin skeleton (Ossuary)
  2 hobgoblin zombies (Ossuary)
  24 kobolds
  2 kobold zombies (Ossuary)
  An orc skeleton (Ossuary)
  An orc zombie (Ossuary)
  8 rats
  A bush (Lair:2)
  9 fungi
  4 plants
673 creatures vanquished.

Vanquished Creatures (others)
  A catoblepas (D:14)
  A death yak (Lair:6)
  An unseen horror (D:14)
  A komodo dragon (Lair:3)
  15 fungi
  10 plants
  13 toadstools (Lair:1)
42 creatures vanquished.

Grand Total: 715 creatures vanquished

Notes
Turn   | Place    | Note
-------+----------+-------------------------------------------
     0 | D:1      | 15rune the Deep Dwarf Fighter began the quest for the Orb.
     0 | D:1      | Reached XP level 1. HP: 20/20 MP: 1/1
   242 | D:1      | Reached XP level 2. HP: 22/27 MP: 2/2
   379 | D:1      | Reached skill level 3 in Axes
   668 | D:1      | Reached XP level 3. HP: 25/34 MP: 3/3
  1226 | D:2      | Found a radiant altar of Vehumet.
  1414 | D:2      | Found a runed translucent door.
  1415 | D:2      | Noticed Crazy Yiuf
  2049 | D:3      | Reached XP level 4. HP: 21/42 MP: 4/4
  2396 | D:4      | Found a runed translucent door.
  2396 | D:4      | Noticed feamirim's ghost (novice DrFi)
  2397 | D:4      | Found a sand-covered staircase.
  2412 | D:4      | Reached skill level 4 in Axes
  2427 | Ossuary  | Entered an ossuary
  2492 | Ossuary  | Noticed a wraith
  2492 | Ossuary  | Noticed a flying skull
  2510 | Ossuary  | Noticed a flying skull
  2512 | Ossuary  | Noticed a flying skull
  2536 | Ossuary  | Noticed a flying skull
  2548 | Ossuary  | Noticed a flying skull
  2615 | Ossuary  | Reached XP level 5. HP: 23/49 MP: 5/5
  2729 | Ossuary  | Noticed a wraith
  2765 | Ossuary  | Killed a wraith
  2765 | Ossuary  | Reached skill level 5 in Axes
  2765 | Ossuary  | Reached XP level 6. HP: 34/57 MP: 4/4
  2978 | Ossuary  | Noticed a wraith
  2992 | Ossuary  | Killed a wraith
  2992 | Ossuary  | Reached skill level 6 in Axes
  2992 | Ossuary  | Reached skill level 5 in Armour
  2992 | Ossuary  | Reached XP level 7. HP: 29/66 MP: 4/4
  3228 | D:2      | Killed Crazy Yiuf
  3327 | D:4      | Killed feamirim's ghost
  3327 | D:4      | Reached skill level 5 in Fighting
  3327 | D:4      | Reached skill level 7 in Axes
  3436 | D:4      | Found a snail-covered altar of Cheibriados.
  3705 | D:4      | Reached skill level 8 in Axes
  3705 | D:4      | Reached XP level 8. HP: 44/74 MP: 0/4
  3789 | D:4      | Found a shadowy altar of Dithmenos.
  3901 | D:5      | Entered Level 5 of the Dungeon
  4021 | D:5      | Found a burning altar of Makhleb.
  4185 | D:5      | Reached skill level 9 in Axes
  4604 | D:5      | Reached skill level 10 in Axes
  4865 | D:6      | Reached skill level 11 in Axes
  4914 | D:6      | Gained mutation: You passively map the area around you.
                  | [Deep Dwarf growth]
  4914 | D:6      | Reached XP level 9. HP: 51/81 MP: 5/5
  5592 | D:7      | Found a staircase to the Ecumenical Temple.
  5602 | D:7      | Reached skill level 12 in Axes
  5615 | Temple   | Entered the Ecumenical Temple
  5824 | Temple   | Became a worshipper of Elyvilon the Healer
  6338 | D:7      | Reached skill level 13 in Axes
  6457 | D:7      | Found an iron altar of Okawaru.
  6479 | D:7      | Reached skill level 1 in Invocations
  6479 | D:7      | Reached skill level 1 in Evocations
  6528 | D:7      | Found a hazy altar of Hepliaklqana.
  6709 | D:8      | Noticed Gastronok
  6793 | D:9      | Noticed a troll
  6825 | D:9      | Killed a troll
  6825 | D:9      | Reached XP level 10. HP: 46/88 MP: 5/7
  6870 | D:9      | Reached * piety under Elyvilon
  6964 | D:9      | Noticed a centaur warrior
  6976 | D:10     | Entered Level 10 of the Dungeon
  7036 | D:9      | Killed a centaur warrior
  7036 | D:9      | Reached skill level 14 in Axes
  7036 | D:9      | Reached skill level 5 in Invocations
  7036 | D:9      | Reached skill level 5 in Evocations
  7124 | D:9      | Found Iprus's Antique Weapon Shoppe.
  7452 | D:9      | Found a glowing silver altar of Zin.
  7710 | D:10     | Reached skill level 15 in Axes
  7731 | D:10     | Reached XP level 11. HP: 25/94 MP: 7/11
  7889 | D:10     | Found a staircase to the Lair.
  8047 | D:10     | Found a staircase to the Orcish Mines.
  8337 | D:10     | Noticed Grum
  8349 | D:10     | Killed Grum
  8645 | D:11     | Reached skill level 16 in Axes
  8959 | D:11     | Reached ** piety under Elyvilon
  8987 | D:11     | Noticed an eight-headed hydra
  8995 | D:11     | Killed an eight-headed hydra
  9094 | Lair:1   | Entered Level 1 of the Lair of Beasts
  9299 | Lair:1   | Found a transporter.
  9303 | Lair:1   | Noticed Zajic's ghost (journeyman MiBe)
  9307 | Lair:1   | Found a bloodstained altar of Trog.
  9307 | Lair:1   | Identified the +8 broad axe "Kicuojer" {drain, Stlth+}
  9307 | Lair:1   | Noticed a spriggan berserker
  9309 | Lair:1   | Identified the +11 trident "Qelin" {flame, Str+3}
  9309 | Lair:1   | Noticed a spriggan rider
  9447 | Lair:1   | Found a transporter.
  9704 | Lair:1   | Found a blossoming altar of Fedhas.
  9725 | Lair:1   | Noticed an oklob plant
  9846 | Lair:2   | Reached skill level 10 in Invocations
  9898 | Lair:2   | Reached *** piety under Elyvilon
  9933 | Lair:2   | Found a staircase to the Swamp.
  9962 | Lair:2   | Upgraded the game from 0.25-a0-729-g14964f1db5 to
                  | 0.25-a0-731-g0472a16d6a
 10025 | Lair:2   | Reached skill level 17 in Axes
 10025 | Lair:2   | Reached XP level 12. HP: 40/103 MP: 10/10
 10190 | Lair:2   | Noticed a seven-headed hydra
 10194 | Lair:2   | Pacified a seven-headed hydra
 10648 | Lair:3   | Noticed Fannar
 10947 | Lair:3   | Found a staircase to the Snake Pit.
 11176 | Lair:3   | Noticed an eight-headed hydra
 11179 | Lair:3   | Pacified an eight-headed hydra
 11179 | Lair:3   | Reached skill level 18 in Axes
 11548 | Lair:4   | Reached skill level 1 in Spellcasting
 11572 | Lair:4   | Noticed a death yak
 11572 | Lair:4   | Noticed a death yak
 11572 | Lair:4   | Noticed a death yak
 11572 | Lair:4   | Noticed a death yak
 11573 | Lair:4   | Noticed a death yak
 11573 | Lair:4   | Noticed a death yak
 11626 | Lair:3   | Killed Fannar
 11626 | Lair:3   | Reached skill level 5 in Shields
 11760 | D:12     | Noticed Psyche
 12178 | D:12     | Found Fenaqidi's Armour Emporium.
 12196 | D:12     | Bought a +0 pair of boots of running for 504 gold pieces
 12353 | D:12     | Found Loanesur's Food Shop.
 12354 | D:12     | Found Galeis's Jewellery Boutique.
 12387 | D:12     | Reached skill level 1 in Throwing
 12404 | D:12     | Killed Psyche
 12840 | D:13     | Noticed a centaur warrior
 12861 | D:13     | Killed a centaur warrior
 12864 | D:13     | Noticed Maurice
 12871 | D:13     | Killed Maurice
 12903 | D:13     | Reached **** piety under Elyvilon
 12952 | D:13     | Reached XP level 13. HP: 60/109 MP: 7/7
 13226 | D:13     | Paralysed by a hornet for 3 turns
 13233 | D:13     | Paralysed by a hornet for 2 turns
 13237 | D:13     | Paralysed by a hornet for 3 turns
 13302 | D:13     | Identified Jejoc's Guide on Dusty Aid
 14790 | D:14     | Found a gate to the Vaults.
 14810 | D:14     | Reached skill level 5 in Throwing
 14883 | D:14     | Identified the cursed +0 scimitar of the Onslaught
                  | {antimagic, rF+}
 16125 | Lair:4   | Gained mutation: You resist negative energy. (rN+) [Deep
                  | Dwarf growth]
 16125 | Lair:4   | Reached XP level 14. HP: 94/117 MP: 7/9
 18225 | Lair:5   | Reached skill level 10 in Shields
 18324 | Lair:6   | Entered Level 6 of the Lair of Beasts
 18929 | Lair:6   | Found a viscous altar of Jiyva.
 18930 | Lair:6   | Found a staircase to the Slime Pits.
 18958 | Lair:6   | Reached ***** piety under Elyvilon
 19157 | Lair:6   | Noticed Snorg
 19175 | Lair:6   | Killed Snorg
 19175 | Lair:6   | Reached skill level 10 in Evocations
 19334 | Lair:6   | Reached skill level 15 in Invocations
 20086 | Orc:1    | Entered Level 1 of the Orcish Mines
 20101 | Orc:1    | Found Vano's Distillery.
 20116 | Orc:1    | Bought a potion of degeneration for 14 gold pieces
 20173 | Orc:1    | Found Kucuen's Mayhem Merchandise.
 20259 | Orc:1    | Bought a +0 broad axe for 60 gold pieces
 20331 | Orc:1    | Noticed a stone giant
 20353 | Orc:1    | Killed a stone giant
 20377 | Orc:1    | Found a roughly hewn altar of Beogh.
 20635 | Orc:2    | Entered Level 2 of the Orcish Mines
 21171 | Orc:2    | Found a staircase to the Elven Halls.
 21171 | Orc:2    | Found Pyvan's Assorted Antiques.
 21188 | Orc:2    | Bought a scroll labeled TOUTUO GEJIN for 35 gold pieces
 21273 | Orc:2    | Found a runed translucent gate.
 21273 | Orc:2    | Found a runed translucent gate.
 21274 | Orc:2    | Found a runed translucent gate.
 21278 | Orc:2    | Noticed dvd2's ghost (journeyman FoFi)
 21311 | Orc:2    | Reached XP level 15. HP: 64/126 MP: 12/12
 21469 | Orc:2    | Found Wucokh's Book Shop.
 21469 | Orc:2    | Found Zuofit's Gadget Shoppe.
 21471 | Orc:2    | Found Fakidi Qota's Gadget Emporium.
 21473 | Orc:2    | Found Eboaclex's Antique Weapon Boutique.
 21478 | Orc:2    | Bought a wand of digging (3) for 140 gold pieces
 21480 | Orc:2    | Bought a wand of enslavement (11) for 221 gold pieces
 21940 | D:15     | Entered Level 15 of the Dungeon
 22166 | D:15     | HP: 1/126 [two-headed ogre/+0 giant club (7)]
 22166 | D:15     | Mangled by a two-headed ogre

Levels and vault maps discovered:
D:1:      mrwooster_arrival_arrow, layout_loops_corners, chequers_arboretum,
          item_on_display_a
D:2:      layout_loops_cross, vehumet_crystals, dk_noncrumbling_3,
          uniq_crazy_yiuf_cottage
D:3:      layout_loops_ring
D:4:      layout_loops_ring, kennysheep_mini, lemuel_round_altar,
          lightli_ossuary_entry_decrepit_ruins, gammafunk_ghost_grave
D:5:      layout_loops_ring, nicolae_overflow_hidden_temple, first_ration
D:6:      layout_loops_cross
D:7:      layout_loops_ring, grunt_temple_overflow_open,
          minmay_temple_entry_grid, minmay_manual_monolith
D:8:      layout_loops_ring, uniq_gastronok
D:9:      layout_small_grid, zin_treasury, serial_shops, nicolae_shop_trees,
          grunt_ogre_cave
D:10:     layout_roguey, grunt_lair_entry_orc_guard_hut, david_orc_2, uniq_grum
D:11:     layout_rooms
D:12:     layout_cave_pods, serial_shops, shop, nicolae_shop_waterfront, shop,
          chequers_serial_rivers_micro_e, uniq_psyche
D:13:     layout_irregular_city, uniq_maurice
D:14:     layout_loops_cross, hangedman_vaults_entry_quadrant_bands,
          minmay_misc_feat_enclosed
D:15:     grunt_enter_depths_magical_seal, layout_basic, enter_trove_6,
          minmay_misc_feat_square, small_statue_alley_a, skrybe_limestone_x
Temple:   regret_index_temple_generic_petals
Lair:1:   layout_roguey, gammafunk_ghost_wrathful_warriors,
          chequers_serial_rivers_large_b, tgw_fedhas
Lair:2:   layout_hall_layers, skrybe_swamp_entry_bodies,
          grunt_forest_large_clearing_hut
Lair:3:   layout_concentric_octagons, minmay_snake_entry_spellcaster,
          chequers_serial_rivers_micro_a, beast_lair_carwin_11,
          infiniplex_staircase_pool_2, uniq_fannar
Lair:4:   layout_cave_pods, grunt_megastairs_4, serial_bayou_shore_a,
          infiniplex_staircase_pool, lemuel_fruit_tree
Lair:5:   beast_lair_carwin_large_2, layout_cave_pods, serial_bayou_shore_b
Lair:6:   hangedman_lair_in_review, layout_long_grid, guppyfry_lair_end_dragon,
          slime_altar_1, uniq_snorg
Orc:1:    nicolae_orc_accident_2, layout_diamond_mine, serial_shops, shop,
          minmay_shop_mayhem
Orc:2:    st_orc_rangers, layout_caves, gammafunk_ghost_split, serial_shops,
          shop

Skill      XL: |  1  2  3  4  5  6  7  8  9 10 11 12 13 14 15 |
---------------+----------------------------------------------+-----
Axes           | 3 4 5 6 8 11 13 15 17 18 | 18.3
Fighting       | 3 4 5 6 |  6.1
Armour         | 4 5 |  5.2
Invocations    | 2 6 10 13 15 | 15.0
Evocations     | 2 5 8 10 | 10.0
Shields        | 7 9 11 | 11.2
Spellcasting   | 3 |  3.0
Throwing       | 2 5 7 |  7.5

Action                   |  1- 3 |  4- 6 |  7- 9 | 10-12 | 13-15 || total
-------------------------+-------+-------+-------+-------+-------++-------
Melee: War axe           |   133 |   150 |   509 |  1281 |  1278 ||  3351
       Broad axe         |       |       |       |       |   216 ||   216
Throw: Javelin           |       |       |       |       |     2 ||     2
Invok: Lesser Healing    |       |       |       |    91 |   127 ||   218
       Heal Other        |       |       |       |     9 |     6 ||    15
       Divine Protection |       |       |       |     1 |       ||     1
       Purification      |       |       |       |     1 |       ||     1
       Greater Healing   |       |       |       |       |    14 ||    14
 Abil: Heal Wounds       |       |    10 |    10 |    26 |    12 ||    58
Evoke: Wand              |       |       |       |    11 |     3 ||    14
  Use: Scroll            |     4 |       |     3 |    15 |    25 ||    47
       Potion            |       |       |     1 |     1 |     1 ||     3
 Stab: Paralysed         |       |       |       |    11 |    13 ||    24
       Petrified         |       |       |       |       |     2 ||     2
  Eat: Ration            |     1 |     1 |     1 |     2 |     4 ||     9
       Chunk             |     1 |       |    12 |    31 |    44 ||    88
Armor: Scale mail        |    55 |    63 |    64 |       |       ||   182
       Plate armour      |       |       |    50 |   425 |   388 ||   863
       Chain mail        |       |       |    27 |       |       ||    27
       Ring mail         |       |       |     2 |       |       ||     2
Dodge: Dodged            |    38 |    14 |   121 |   334 |   476 ||   983
Block: Kite shield       |    54 |       |       |       |       ||    54
       Tower shield      |    35 |   121 |   359 |   922 |  1167 ||  2604

Table legend:
 A = Non-vault XP
 B = Vault XP
 C = Vault XP percentage of total XP
 D = Non-vault monster count
 E = Vault monster count
 F = Vault count percentage of total count
                 A         B        C        D         E       F
            +---------+---------+-------+---------+---------+-------
      Total |   72847 |   32451 |  30.8 |     522 |     137 |  20.8
            +---------+---------+-------+---------+---------+-------
        D:1 |      49 |       0 |   0.0 |      28 |       0 |   0.0
        D:2 |      14 |      40 |  74.1 |       9 |       1 |  10.0
        D:3 |     116 |       0 |   0.0 |      23 |       0 |   0.0
        D:4 |     183 |     443 |  70.8 |      11 |       1 |   8.3
        D:5 |     729 |       0 |   0.0 |      22 |       0 |   0.0
        D:6 |     875 |       0 |   0.0 |      18 |       0 |   0.0
        D:7 |    1274 |     349 |  21.5 |      33 |       4 |  10.8
        D:8 |      45 |       0 |   0.0 |       5 |       0 |   0.0
        D:9 |    3867 |     118 |   3.0 |      31 |       1 |   3.1
       D:10 |    5633 |    1443 |  20.4 |      57 |      17 |  23.0
       D:11 |    3087 |       0 |   0.0 |      17 |       0 |   0.0
       D:12 |    4440 |     439 |   9.0 |      33 |       1 |   2.9
       D:13 |    8833 |     462 |   5.0 |      45 |       1 |   2.2
       D:14 |    8581 |    6741 |  44.0 |      32 |      18 |  36.0
       D:15 |    4348 |       0 |   0.0 |      18 |       0 |   0.0
     Lair:1 |    1932 |       0 |   0.0 |      12 |       0 |   0.0
     Lair:2 |    3251 |    1221 |  27.3 |      19 |       4 |  17.4
     Lair:3 |    5523 |    1835 |  24.9 |      14 |       5 |  26.3
     Lair:4 |    5451 |     756 |  12.2 |      21 |       3 |  12.5
     Lair:5 |    4451 |    1334 |  23.1 |      20 |       5 |  20.0
     Lair:6 |    6602 |    9608 |  59.3 |      22 |      20 |  47.6
      Orc:1 |    1791 |    2344 |  56.7 |      23 |      11 |  32.4
      Orc:2 |    1772 |    4689 |  72.6 |       9 |      31 |  77.5
    Ossuary |       0 |     629 | 100.0 |       0 |      14 | 100.0
            +---------+---------+-------+---------+---------+-------
